 Dungeon Crawl Stone Soup version 0.32-a0-534-ga61f84b8bd (webtiles) character file.

Game seed: 2861499979363919111

2 Gargoyl the Trooper (level 1, 0/21 HPs)
             Began as a Gargoyle Berserker on Feb 28, 2024.
             Was a Follower of Trog.
             Slain by a quokka (1 damage)
             ... on level 1 of the Dungeon.
             The game lasted 00:00:21 (90 turns).

Gargoyl the Trooper (Gargoyle Berserker)              Turns: 90, Time: 00:00:22

Health: 0/21       AC:  4    Str: 20    XL:     1   Next: 30%
Magic:  1/1        EV: 11    Int:  7    God:    Trog [*.....]
Gold:   0          SH:  0    Dex:  9    Spells: 0/0 levels left

rFire   . . .        a - +0 hand axe
rCold   . . .        (no shield)
rNeg    + . .        b - +0 animal skin
rPois   ∞            (no helmet)
rElec   +            (no cloak)
rCorr   .            (no gloves)
SInv    .            (no boots)
Will    .....        (no amulet) Stlth
                     (no ring)
HPRegen 0.23/turn    (no ring)
MPRegen 0.07/turn

%: no passive effects
@: berserking, very quick
A: sickness immunity, AC +2, negative energy resistance 1, electricity
resistance, torment resistance 1, petrification resistance
a: Renounce Religion, Berserk


You were on level 1 of the Dungeon.
You worshipped Trog.
Trog was aware of your devotion.
You visited 1 branch of the dungeon, and saw 1 of its levels.

Inventory:

Hand Weapons
 a - a +0 hand axe (weapon)
Armour
 b - a +0 animal skin (worn)


   Skills:
 + Level 3.3 Fighting
 + Level 2.7 Axes
 + Level 2.2 Armour
 + Level 1.5 Dodging


You couldn't memorise any spells.
You didn't know any spells.
Your spell library was empty.

Dungeon Overview and Level Annotations

Branches:
Dungeon (1/15)

Altars:


Innate Abilities, Weirdness & Mutations

You are immune to sickness and miasma.
Your stone body is resilient. (AC +2)
You are immune to poison.
You resist negative energy. (rN+)
You are resistant to electric shocks. (rElec)
You are resistant to unholy torment.
You are immune to petrification.


Message History

Unknown command.
c - a scroll labelled NES ACUNIDUEST
As you read the scroll labelled NES ACUNIDUEST, it dissolves into smoke.
It was a scroll of fog.
Unknown command.
A ball python comes into view.
A ball python is nearby!
A ball python is nearby!
You barely miss the ball python. The ball python barely misses you. x2
You hit the ball python.
The ball python is moderately wounded.
The ball python barely misses you. The ball python completely misses you.
You hit the ball python.
The ball python is severely wounded.
The ball python closely misses you. x2
The ball python bites you but does no damage.
The ball python grabs you. The ball python constricts you.
You hit the ball python.
You kill the ball python!
Trog accepts your kill.
You see here a ball python corpse.
A quokka comes into view.
A giant cockroach and a hobgoblin come into view.
The hobgoblin shouts!
The hobgoblin moves out of view.
You completely miss the quokka. The quokka bites you.
You barely miss the quokka. The quokka bites you. The quokka barely misses you.
You miss the quokka. The quokka barely misses you.
You barely miss the quokka. The quokka bites you.
You barely miss the quokka. The quokka bites you. x2
* * * LOW HITPOINT WARNING * * *
Unknown command.
A red film seems to cover your vision as you go berserk!
You feel yourself moving faster!
You feel mighty!
The quokka bites you but does no damage.
You miss the quokka. The quokka bites you.
* * * LOW HITPOINT WARNING * * *
Unknown command.
You closely miss the quokka. The quokka bites you.
You die... #.# #######.## ##.# #..# #..# ##.# #.## #.# ##.# #.# #..# ##.# #.## #..# #.# #.## #@# ######.### #r# #.§§§§...# gB.

#.§§§..§.#
....#
#.§§§§...#
.....#
#.§§§§§..#
......#
#.§.§....#
.......#
#........#
#########
#........#
#........#


You could see a quokka, a giant cockroach and a hobgoblin.

Vanquished Creatures
  A ball python (D:1)
  A bat (D:1)
  A frilled lizard (D:1)
3 creatures vanquished.

Notes
Turn   | Place    | Note
-------+----------+-------------------------------------------
     0 | D:1      | Gargoyl the Gargoyle Berserker began the quest for the Orb.
     0 | D:1      | Reached XP level 1. HP: 14/14 MP: 1/1
    89 | D:1      | HP: 1/21 [quokka (2)]
    90 | D:1      | Slain by a quokka

Illustrated notes

Levels and vault maps discovered:
D:1:      nzn_arrival_crosshair, layout_rooms

Action                     || total
---------------------------++-------
  Melee: Hand axe          ||    19
 Invoke: Berserk           ||     1
    Use: Scroll            ||     1
 Armour: Animal skin       ||    19
  Dodge: Dodged            ||    16

Table legend: (Time is in decaauts)
 A = Elapsed time spent in this place.
 B = Non-inter-level travel time spent in this place.
 C = Inter-level travel time spent in this place.
 D = Time resting spent in this place.
 E = Time spent auto-exploring this place.
 F = Levels seen in this place.
 G = Mean time per level.
                   A        B        C        D        E       F      G
               +--------+--------+--------+--------+--------+-----+--------+
         Total |     93 |     93 |      0 |      0 |     48 |   1 |   93.0 |
       Dungeon |     93 |     93 |      0 |      0 |     48 |   1 |   93.0 |
               +--------+--------+--------+--------+--------+-----+--------+

Top non-repeatable levels by time:
     D:1: 93 daAuts
